[Event "Titled Tuesday Blitz July 11 Early 2023"]
[White "Ezat, Mohamed"]
[Black "Ocelak, Jakub"]
[WhiteFideId "10600906"]
[BlackFideId "23707933"]
[WhiteElo "2604"]
[BlackElo "2475"]
[Result "0-1"]
[Round "9"]
[TimeControl "180+2"]
[Date "2023.07.11"]
[WhiteClock "0:00:14"]
[BlackClock "0:00:36"]
[Board "78"]

1. e4 e5 2. Nf3 Nc6 3. Bb5 Nf6 4. Qe2 Bd6 5. d4 Nxd4 6. Nxd4 exd4 7. e5 O-O 8. O-O Re8 9. f4 Bc5 10. Qc4 Ne4 11. Qd3 c6 12. Ba4 d5 13. Nd2 Bf5 14. Nb3 Bb6 15. Nxd4 f6 16. Kh1 Nf2+ 17. Rxf2 Bxd3 18. Be3 Be4 19. Bb3 fxe5 20. fxe5 Rxe5 21. Re1 Qh4 22. Kg1 Rae8 23. c3 h6 24. g3 Qh3 25. Bf4 R5e7 26. Bd6 Rf7 27. Rxf7 Kxf7 28. Bc2 Qg2# 0-1


[Site "https://www.chess.com"]

[Event "Titled Tuesday Blitz July 11 Early 2023"]
[White "Sadykov, Ramil"]
[Black "Kopczynski, Michal"]
[WhiteFideId "24113590"]
[BlackFideId "1124200"]
[WhiteElo "2599"]
[BlackElo "2471"]
[Result "1-0"]
[Round "9"]
[TimeControl "180+2"]
[Date "2023.07.11"]
[WhiteClock "0:00:04"]
[BlackClock "0:00:07"]
[Board "79"]

1. d4 Nf6 2. c4 g6 3. Nc3 Bg7 4. e4 d6 5. Be2 O-O 6. Be3 e5 7. d5 Ne8 8. g4 c5 9. Qd2 Na6 10. h4 Nac7 11. h5 a6 12. Bh6 Qe7 13. Bxg7 Kxg7 14. Nh3 h6 15. g5 hxg5 16. Nxg5 Rh8 17. O-O-O f6 18. Nf3 g5 19. Rdg1 Kh6 20. Rg3 Rg8 21. Rhg1 Kh7 22. Nh4 b5 23. Nd1 bxc4 24. Ne3 c3 25. bxc3 Rb8 26. Nef5 Bxf5 27. Nxf5 Qd7 28. Qc2 Nb5 29. Qa4 Qb7 30. Kd2 Nd4 31. cxd4 Qb2+ 32. Ke1 Qc1+ 33. Bd1 Rb1 34. Ke2 cxd4 35. Rd3 Rb2+ 36. Kf1 Rd2 37. Rxd2 Qxd2 38. Kg2 Qf4 39. Re1 Ng7 40. Qd7 Kh8 41. Ne7 Nxh5 42. Bxh5 Qh4 43. Rh1 Qxh1+ 44. Kxh1 Rg7 45. Qe8+ Kh7 46. Bg6+ Kh6 47. Nf5# 1-0


[Site "https://www.chess.com"]

[Event "Titled Tuesday Blitz July 11 Early 2023"]
[White "Zheenbekov, Nurgazy"]
[Black "Al-Tarboush, Ward"]
[WhiteFideId "13800485"]
[BlackFideId "7601450"]
[WhiteElo "2450"]
[BlackElo "2589"]
[Result "0-1"]
[Round "9"]
[TimeControl "180+2"]
[Date "2023.07.11"]
[WhiteClock "0:01:12"]
[BlackClock "0:01:49"]
[Board "80"]

1. e4 c5 2. Nf3 e6 3. Nc3 a6 4. d4 cxd4 5. Nxd4 Qc7 6. Be2 Nf6 7. O-O b5 8. a3 Bb7 9. Bd3 Be7 10. Kh1 O-O 11. f4 d6 12. Bd2 Nbd7 13. Qf3 Nc5 14. Rae1 Rac8 15. Qh3 Nxd3 16. cxd3 Rfd8 17. Rf3 Qd7 18. Rg3 g6 19. Nf3 e5 20. f5 a5 21. fxg6 fxg6 22. Qh6 Ng4 23. Qh3 Nf2+ 0-1


[Site "https://www.chess.com"]

[Event "Titled Tuesday Blitz July 11 Early 2023"]
[White "Mogirzan, Matei-Valeriu"]
[Black "Nunez V, Gustavo Eduardo"]
[WhiteFideId "1257455"]
[BlackFideId "4403690"]
[WhiteElo "2586"]
[BlackElo "2447"]
[Result "0-1"]
[Round "9"]
[TimeControl "180+2"]
[Date "2023.07.11"]
[WhiteClock "0:00:48"]
[BlackClock "0:01:17"]
[Board "81"]

1. e4 c5 2. Nf3 Nc6 3. d4 cxd4 4. Nxd4 e5 5. Nb5 a6 6. Nd6+ Bxd6 7. Qxd6 Qf6 8. Qc7 Nge7 9. Nc3 Nb4 10. Bd3 d5 11. h4 h6 12. f4 exf4 13. Bxf4 Nxd3+ 14. cxd3 O-O 15. O-O-O dxe4 16. dxe4 Bg4 17. Rdf1 Rac8 18. Qxb7 Be2 19. Bg5 Rxc3+ 20. bxc3 Qxc3+ 21. Kb1 Bd3# 0-1


[Site "https://www.chess.com"]

[Event "Titled Tuesday Blitz July 11 Early 2023"]
[White "Parpiev, Isaak"]
[Black "Kukreja Sankalp"]
[WhiteFideId "34281576"]
[BlackFideId "45027676"]
[WhiteElo "2579"]
[BlackElo "2444"]
[Result "1-0"]
[Round "9"]
[TimeControl "180+2"]
[Date "2023.07.11"]
[WhiteClock "0:00:05"]
[BlackClock "0:01:05"]
[Board "82"]

1. d4 d5 2. c4 c6 3. Nc3 Nf6 4. Nf3 dxc4 5. e3 b5 6. a4 b4 7. Na2 e6 8. Bxc4 Bb7 9. O-O Be7 10. a5 Qxa5 11. Bd2 Qb6 12. Qe1 a5 13. e4 Nbd7 14. b3 O-O 15. e5 Nd5 16. Nc1 c5 17. Ne2 Ba6 18. h4 Qb7 19. h5 h6 20. Qc1 Rfc8 21. Bxh6 Bf8 22. Bg5 cxd4 23. Nexd4 Bxc4 24. bxc4 Nc3 25. Qe3 Rxc4 26. h6 Nd5 27. Qe4 gxh6 28. Bd2 Bg7 29. Rfc1 Nc5 30. Qg4 Rxc1+ 31. Rxc1 Nd3 32. Bxh6 f5 33. exf6 Nxf6 34. Qxe6+ Kh8 35. Bxg7+ Qxg7 36. Nf5 Qxg2+ 37. Kxg2 Nf4+ 38. Kg3 Nxe6 39. Ne5 a4 40. Rc6 Ne4+ 41. Kf3 N6g5+ 42. Ke3 a3 43. Rc7 a2 44. Ng6+ Kg8 45. Nh6# 1-0


[Site "https://www.chess.com"]

[Event "Titled Tuesday Blitz July 11 Early 2023"]
[White "Andreev, Konstantin"]
[Black "Begunov, Konstantin"]
[WhiteFideId "24239305"]
[BlackFideId "4118510"]
[WhiteElo "2576"]
[BlackElo "2437"]
[Result "1-0"]
[Round "9"]
[TimeControl "180+2"]
[Date "2023.07.11"]
[WhiteClock "0:00:51"]
[BlackClock "0:00:07"]
[Board "83"]

1. e4 c5 2. Nf3 d6 3. d4 cxd4 4. Nxd4 Nf6 5. Nc3 a6 6. h4 b5 7. a4 Bb7 8. axb5 Nxe4 9. Nxe4 Bxe4 10. bxa6 e5 11. Bb5+ Nd7 12. Qg4 Bd5 13. Bg5 f6 14. Ne6 Qc8 15. Nxf8 Rxf8 16. Be3 Rf7 17. a7 Qxc2 18. O-O Qe4 19. Qxe4 Bxe4 20. Rfc1 d5 21. Bc6 f5 22. Bxa8 1-0


[Site "https://www.chess.com"]

[Event "Titled Tuesday Blitz July 11 Early 2023"]
[White "Stork, Oliver"]
[Black "ATM622"]
[WhiteFideId "12955728"]
[WhiteElo "2432"]
[BlackElo "2572"]
[Result "0-1"]
[Round "9"]
[TimeControl "180+2"]
[Date "2023.07.11"]
[WhiteClock "0:02:11"]
[BlackClock "0:02:39"]
[Board "85"]

1. e4 e5 2. Nf3 Nf6 3. Nc3 Nc6 4. Bb5 Bc5 5. d3 d6 6. O-O O-O 7. h3 h6 8. Ne2 Ne7 9. Ng3 c6 10. Bc4 b5 11. Bb3 a5 12. c3 a4 13. Bc2 Ng6 14. d4 exd4 15. cxd4 Bb6 16. Bf4 Nxf4 0-1


[Site "https://www.chess.com"]

[Event "Titled Tuesday Blitz July 11 Early 2023"]
[White "Matveeva, Olga"]
[Black "Kim, Sergey"]
[WhiteFideId "24107018"]
[BlackFideId "13700570"]
[WhiteElo "2431"]
[BlackElo "2565"]
[Result "1-0"]
[Round "9"]
[TimeControl "180+2"]
[Date "2023.07.11"]
[WhiteClock "0:00:03"]
[BlackClock "0:00:36"]
[Board "86"]

1. d4 Nf6 2. c4 g6 3. Nf3 d6 4. g3 Bg7 5. Bg2 O-O 6. O-O Nbd7 7. Nc3 e5 8. e4 exd4 9. Nxd4 Re8 10. h3 Nc5 11. Re1 c6 12. b4 Ne6 13. Be3 h6 14. Rc1 Ng5 15. Kh2 Ngxe4 16. Nxe4 Nxe4 17. Qc2 Nf6 18. Rcd1 Bd7 19. Bf4 Rxe1 20. Rxe1 d5 21. Be5 dxc4 22. Qxc4 Be8 23. f4 Qb6 24. f5 g5 25. Re2 Rd8 26. a3 a5 27. Re1 axb4 28. axb4 Qa7 29. Re2 Qa3 30. Re1 Qa4 31. Re2 Qd1 32. Bf3 Qf1 33. Bg2 Qd1 34. Bf3 Qa4 35. Bg2 Ra8 36. Bf3 Qa3 37. Bg2 Ra4 38. Bxf6 Bxf6 39. Rxe8+ Kg7 40. Ne6+ Kh7 41. Nf8+ Kg7 42. Ne6+ Kh7 43. Nd8 Kg7 44. Qxf7# 1-0


[Site "https://www.chess.com"]

[Event "Titled Tuesday Blitz July 11 Early 2023"]
[White "Tanmay Jain"]
[Black "Streltsov, Alexey"]
[WhiteFideId "45015481"]
[BlackFideId "24104434"]
[WhiteElo "2432"]
[BlackElo "2564"]
[Result "1-0"]
[Round "9"]
[TimeControl "180+2"]
[Date "2023.07.11"]
[WhiteClock "0:00:20"]
[BlackClock "0:00:16"]
[Board "87"]

1. Nf3 c5 2. c4 e6 3. g3 d5 4. cxd5 exd5 5. Bg2 Nc6 6. O-O Bg4 7. d3 Qd7 8. Bf4 Nf6 9. Nc3 Bh3 10. e4 Bxg2 11. Kxg2 d4 12. Nb1 h6 13. Na3 g5 14. Bd2 Bg7 15. Nc4 O-O 16. a4 Ng4 17. h3 Nge5 18. Nfxe5 Nxe5 19. Nxe5 Bxe5 20. f4 gxf4 21. gxf4 Bg7 22. Kh2 f5 23. e5 Kh7 24. Rg1 Qf7 25. Qf3 Rg8 26. Rae1 Rae8 27. b4 c4 28. dxc4 Qxc4 29. Qxb7 Kh8 30. Rg2 Bf8 31. Rxg8+ Qxg8 32. Rg1 Qa2 33. Rg2 Re7 34. Qc8 Rf7 35. e6 Rf6 36. e7 Qf7 37. exf8=Q+ Qxf8 38. Qxf8+ Rxf8 39. Bc1 Rc8 40. Bb2 Rc4 41. Rd2 Rxb4 42. Bxd4+ Kh7 43. a5 a6 44. Kg3 h5 45. Kh4 Rb3 46. Re2 Rd3 47. Bb6 Rf3 48. Bc7 Rc3 49. Re7+ Kg8 50. Kxh5 Kf8 51. Bd6 Rxh3+ 52. Kg6 Rd3 53. Re6+ Rxd6 54. Rxd6 Ke7 55. Rxa6 Kd7 56. Rb6 1-0


[Site "https://www.chess.com"]

[Event "Titled Tuesday Blitz July 11 Early 2023"]
[White "Herman, Daniel"]
[Black "chess123456s"]
[WhiteFideId "30935008"]
[WhiteElo "2429"]
[BlackElo "2564"]
[Result "0-1"]
[Round "9"]
[TimeControl "180+2"]
[Date "2023.07.11"]
[WhiteClock "0:00:03"]
[BlackClock "0:01:55"]
[Board "88"]

1. c4 c6 2. d4 d5 3. cxd5 cxd5 4. Bg5 f6 5. Bd2 e5 6. e4 dxe4 7. dxe5 Nc6 8. Nc3 fxe5 9. Nxe4 Nf6 10. Nxf6+ Qxf6 11. Nf3 Bc5 12. Bc4 e4 13. Qe2 Bf5 14. Bc3 Qe7 15. Nd2 O-O-O 16. O-O e3 17. fxe3 Qxe3+ 18. Qxe3 Bxe3+ 19. Kh1 Bxd2 20. Rxf5 Bxc3 21. bxc3 Rhf8 22. Rxf8 Rxf8 23. Rd1 Rf2 24. h4 Kc7 25. Be6 Ne5 26. Rd5 Re2 27. Kh2 Kc6 28. Rd8 Nf3+ 29. Kg3 Rxe6 30. Kxf3 Re7 31. Rc8+ Kb5 32. g4 Ka4 33. Rc5 b6 34. Rd5 Ka3 35. Rd2 Rc7 36. Rc2 b5 37. Ke4 b4 38. c4 b3 39. axb3 Kxb3 40. Rc1 Rxc4+ 41. Rxc4 Kxc4 42. Ke5 a5 43. Ke6 a4 44. Kf7 a3 45. Kxg7 a2 46. Kxh7 a1=Q 47. h5 Qf6 48. h6 Qg5 49. Kh8 Qxh6+ 50. Kg8 Qg5+ 51. Kh7 Qxg4 52. Kh8 Kd5 53. Kh7 Ke6 54. Kh8 Kf7 55. Kh7 Qg5 56. Kh8 Qg7# 0-1


[Site "https://www.chess.com"]

[Event "Titled Tuesday Blitz July 11 Early 2023"]
[White "Michalczak, Thomas"]
[Black "Nikologorsky, Matfei"]
[WhiteFideId "4622634"]
[BlackFideId "24102474"]
[WhiteElo "2553"]
[BlackElo "2429"]
[Result "1-0"]
[Round "9"]
[TimeControl "180+2"]
[Date "2023.07.11"]
[WhiteClock "0:00:25"]
[BlackClock "0:00:00"]
[Board "89"]

1. e4 c5 2. c3 d5 3. exd5 Qxd5 4. Nf3 Nf6 5. Na3 Nc6 6. Bc4 Qd8 7. O-O e6 8. Qe2 Be7 9. Rd1 O-O 10. d4 cxd4 11. Nb5 Qa5 12. Nbxd4 Nxd4 13. Rxd4 b6 14. Ne5 Qc5 15. Bf4 Bb7 16. Rad1 Rfd8 17. Nxf7 Rxd4 18. Rxd4 Bd5 19. Bxd5 exd5 20. Qe6 Kf8 21. Ne5 Ke8 22. Qf7+ Kd8 23. Qxg7 Rc8 24. Qh8+ Ne8 25. Qxh7 Rc7 26. Qf5 Nd6 27. Qe6 Qa5 28. Rxd5 1-0


[Site "https://www.chess.com"]

[Event "Titled Tuesday Blitz July 11 Early 2023"]
[White "Khromkin, Andrey"]
[Black "Bruedigam, Martin"]
[WhiteFideId "4154126"]
[BlackFideId "24608033"]
[WhiteElo "2428"]
[BlackElo "2553"]
[Result "1-0"]
[Round "9"]
[TimeControl "180+2"]
[Date "2023.07.11"]
[WhiteClock "0:00:10"]
[BlackClock "0:00:11"]
[Board "90"]

1. d4 Nf6 2. c4 g6 3. Nf3 Bg7 4. Nc3 d5 5. cxd5 Nxd5 6. g3 O-O 7. Bg2 Nb6 8. O-O c6 9. e4 N8d7 10. e5 Nb8 11. Bg5 Re8 12. Qc1 Na6 13. Bh6 Bf5 14. Bxg7 Kxg7 15. Qf4 Nb4 16. g4 N6d5 17. Qg3 Be6 18. Ng5 Qc8 19. Nxe6+ Qxe6 20. f4 Nxc3 21. bxc3 Nd5 22. f5 Qc8 23. Bxd5 cxd5 24. f6+ exf6 25. Rxf6 Re6 26. Raf1 Rxf6 27. Rxf6 Kg8 28. Qf3 Qd7 29. Rd6 Qa4 30. Rxd5 Rc8 31. Rd6 Qxa2 32. e6 Qb1+ 33. Kg2 Qb2+ 34. Kg3 Rxc3 35. exf7+ 1-0


[Site "https://www.chess.com"]

[Event "Titled Tuesday Blitz July 11 Early 2023"]
[White "Karttunen, Mika"]
[Black "whiteglovethief"]
[WhiteFideId "502081"]
[WhiteElo "2552"]
[BlackElo "2426"]
[Result "1-0"]
[Round "9"]
[TimeControl "180+2"]
[Date "2023.07.11"]
[WhiteClock "0:00:13"]
[BlackClock "0:00:14"]
[Board "91"]

1. c4 d6 2. Nc3 Nd7 3. d4 e5 4. Nf3 Ngf6 5. e4 Be7 6. h3 O-O 7. d5 a5 8. Be3 Re8 9. Be2 Bf8 10. Nd2 g6 11. g4 c6 12. h4 cxd5 13. cxd5 Nc5 14. g5 Nh5 15. Bxh5 gxh5 16. Bxc5 dxc5 17. Qxh5 a4 18. Nc4 b5 19. Ne3 b4 20. Ne2 c4 21. Nxc4 Ba6 22. Ne3 Qb6 23. O-O Rac8 24. Rfe1 Bd3 25. Ng3 Qg6 26. Qg4 Bc5 27. Rac1 Qa6 28. Nef5 Bf8 29. Nh5 Kh8 30. Nf6 Rxc1 31. Rxc1 Rc8 32. Re1 Bg7 33. Nxg7 Kxg7 34. Qf5 Rh8 35. Rc1 Bc4 36. b3 axb3 37. axb3 Bxb3 38. Nh5+ Kf8 39. Rc8+ Ke7 40. Rxh8 Qa1+ 41. Kh2 Bd1 42. Qf6+ Kd7 43. Rd8+ Kc7 44. Qd6+ Kb7 45. Rb8+ Ka7 46. Qb6# 1-0


[Site "https://www.chess.com"]

[Event "Titled Tuesday Blitz July 11 Early 2023"]
[White "Orlov, Georgi"]
[Black "Kashefi, Amir Hosein"]
[WhiteFideId "2011271"]
[BlackFideId "12557935"]
[WhiteElo "2547"]
[BlackElo "2424"]
[Result "1-0"]
[Round "9"]
[TimeControl "180+2"]
[Date "2023.07.11"]
[WhiteClock "0:00:24"]
[BlackClock "0:00:03"]
[Board "92"]

1. d4 d5 2. Nf3 c6 3. c4 Nf6 4. Nc3 Bf5 5. cxd5 cxd5 6. Qb3 Qb6 7. Nxd5 Nxd5 8. Qxd5 e6 9. Qb3 Qxb3 10. axb3 Nc6 11. e3 Bc2 12. Bc4 a6 13. Bd2 Rc8 14. O-O Be7 15. Rfc1 Be4 16. Bc3 Bxf3 17. gxf3 O-O 18. Bd3 Rfd8 19. f4 Bf6 20. Be4 Rd7 21. Ba5 g6 22. Bb6 Ne7 23. Ba5 Rxc1+ 24. Rxc1 Nd5 25. Rc8+ Kg7 26. Kg2 h5 27. Kf3 b6 28. Bd2 a5 29. Rc6 Bd8 30. Bxd5 Rxd5 31. Bc3 Kf8 32. b4 a4 33. e4 Rd7 34. b5 Ke8 35. Ke3 Ra7 36. Bb4 Bc7 37. h3 Kd7 38. d5 exd5 39. exd5 Ra8 40. f5 g5 41. Rf6 Ke8 42. Rh6 Bf4+ 43. Kf3 Kd7 44. Rxb6 a3 45. bxa3 Rb8 46. Rxb8 Bxb8 47. a4 Bd6 48. Bxd6 Kxd6 49. b6 Kxd5 50. b7 Kc6 51. b8=Q f6 52. Qf8 g4+ 53. hxg4 hxg4+ 54. Kxg4 Kb6 55. Qxf6+ Ka5 56. Qb2 Ka6 57. f6 Ka7 58. f7 Ka6 59. f8=Q Ka7 60. Qc5+ Ka8 61. Qa5# 1-0


[Site "https://www.chess.com"]

[Event "Titled Tuesday Blitz July 11 Early 2023"]
[White "Kumala, Aleksander"]
[Black "Rios Escobar, Adan"]
[WhiteFideId "1141880"]
[BlackFideId "3403645"]
[WhiteElo "2543"]
[BlackElo "2423"]
[Result "1-0"]
[Round "9"]
[TimeControl "180+2"]
[Date "2023.07.11"]
[WhiteClock "0:00:11"]
[BlackClock "0:00:00"]
[Board "93"]

1. d4 Nf6 2. Bg5 e6 3. Nd2 c5 4. e3 Qb6 5. Ngf3 Qxb2 6. Bd3 Qb6 7. O-O Nc6 8. Nc4 Qc7 9. Bf4 d6 10. dxc5 e5 11. cxd6 Bxd6 12. Nxd6+ Qxd6 13. Bg5 Qe7 14. Nd2 h6 15. Bxf6 Qxf6 16. Ne4 Qe7 17. Bb5 O-O 18. Qh5 Qb4 19. Bxc6 bxc6 20. Qxe5 Ba6 21. Rfb1 Qc4 22. Nd6 Qxc2 23. Nf5 f6 24. Qe6+ Kh8 25. Qd7 Rg8 26. Rc1 Qe4 27. Nd6 Qg6 28. Rxc6 Bd3 29. Rd1 Be4 30. Nxe4 Qxe4 31. h3 a5 32. Rc7 a4 33. Rd4 Qb1+ 34. Kh2 Qxa2 35. Rh4 Kh7 36. Qf5+ 1-0


[Site "https://www.chess.com"]

[Event "Titled Tuesday Blitz July 11 Early 2023"]
[White "Shturman, Arseniy"]
[Black "Rom, Jasper"]
[WhiteFideId "34275797"]
[BlackFideId "2023733"]
[WhiteElo "2542"]
[BlackElo "2420"]
[Result "0-1"]
[Round "9"]
[TimeControl "180+2"]
[Date "2023.07.11"]
[WhiteClock "0:00:02"]
[BlackClock "0:00:45"]
[Board "94"]

1. e4 e6 2. d4 d5 3. Nc3 Nf6 4. e5 Nfd7 5. f4 c5 6. Nf3 Nc6 7. Be3 Be7 8. Qd2 O-O 9. dxc5 Nxc5 10. h4 a6 11. a3 b5 12. b4 Ne4 13. Nxe4 dxe4 14. Qxd8 Rxd8 15. Nd2 Bb7 16. c3 f6 17. exf6 gxf6 18. Nxe4 Nxb4 19. axb4 Bxe4 20. Be2 f5 21. Bd4 Rxd4 22. cxd4 Bxb4+ 23. Kf2 Bc3 24. Rad1 b4 25. Bf3 Bxf3 26. Kxf3 Rd8 27. Ke3 a5 28. Rd3 a4 29. Rc1 Rc8 30. d5 exd5 31. Rxd5 a3 32. Rxf5 a2 33. Rb5 Bd4+ 34. Kxd4 Rxc1 35. Rb8+ Kf7 36. Rb7+ Kf6 37. Rb6+ Kf5 38. g4+ Kxg4 0-1


[Site "https://www.chess.com"]

[Event "Titled Tuesday Blitz July 11 Early 2023"]
[White "Pham, Le Thao Nguyen"]
[Black "Topalov, Aleksandar"]
[WhiteFideId "12401226"]
[BlackFideId "925659"]
[WhiteElo "2534"]
[BlackElo "2419"]
[Result "1-0"]
[Round "9"]
[TimeControl "180+2"]
[Date "2023.07.11"]
[WhiteClock "0:00:09"]
[BlackClock "0:00:08"]
[Board "95"]

1. d4 Nf6 2. c4 c5 3. Nf3 g6 4. Nc3 Bg7 5. d5 d6 6. h3 O-O 7. e4 Na6 8. Be2 Nc7 9. O-O e5 10. dxe6 fxe6 11. e5 dxe5 12. Nxe5 Qe7 13. Bg5 Qe8 14. f4 Nd7 15. Qd6 Na6 16. a3 Rf5 17. Ne4 Nxe5 18. fxe5 Bxe5 19. Qd2 Bd7 20. Bg4 Kg7 21. Bxf5 gxf5 22. Nd6 Qf8 23. Nxf5+ exf5 24. Bh6+ Kg6 25. Bxf8 Bd4+ 26. Kh1 Rxf8 27. Rae1 Rf7 28. Re2 Nc7 29. Qd3 Kg7 30. Qg3+ Kh8 31. Qxc7 Be6 32. Qd8+ Kg7 33. Rxe6 1-0


[Site "https://www.chess.com"]

[Event "Titled Tuesday Blitz July 11 Early 2023"]
[White "Demin, Vladimir"]
[Black "Romero Ruscalleda, Josep"]
[WhiteFideId "4167457"]
[BlackFideId "2231859"]
[WhiteElo "2531"]
[BlackElo "2415"]
[Result "1/2-1/2"]
[Round "9"]
[TimeControl "180+2"]
[Date "2023.07.11"]
[WhiteClock "0:00:08"]
[BlackClock "0:00:08"]
[Board "96"]

1. d4 g6 2. e3 Bg7 3. h4 h5 4. Nf3 d6 5. Ng5 Nf6 6. Bc4 d5 7. Bb3 Nbd7 8. c4 c6 9. Nc3 e6 10. cxd5 exd5 11. e4 O-O 12. e5 Nh7 13. O-O Nxg5 14. Bxg5 f6 15. exf6 Nxf6 16. Bc2 Qe8 17. Ne2 Ne4 18. Be3 Bf5 19. Re1 Qd8 20. f3 Nd6 21. Bg5 Bf6 22. Nf4 Bxg5 23. hxg5 Qxg5 24. Ne6 Bxe6 25. Rxe6 Rf6 26. Qe2 Raf8 27. Re1 Nf5 28. Qe5 Rxe6 29. Qxe6+ Rf7 30. Qc8+ Kg7 31. Bxf5 Qxf5 32. Qb8 Qd3 33. Qe5+ Kh7 34. a4 Qd2 35. Re2 Qd1+ 36. Kh2 Qxa4 37. Qe8 Rg7 38. Qe5 Qb5 39. Qe6 Qd3 40. Qe5 a5 41. Re3 Qd2 42. Re2 Qc1 43. Qb8 Rf7 44. Re8 Qf4+ 45. Qxf4 Rxf4 46. Re7+ Kh6 47. Rxb7 Rxd4 48. Rb6 Rc4 49. b3 Rc3 50. Kg3 d4 51. Kf4 h4 52. Ke4 c5 53. Rb5 Rc2 54. Rxa5 Rc3 55. Rb5 g5 56. b4 cxb4 57. Rxb4 Rc2 58. Kxd4 Rxg2 59. Ke3 h3 60. Rb8 Kh7 61. Rb7+ Kg6 62. Rb8 Ra2 63. Rh8 h2 64. Ke4 Kf6 65. Ke3 Ke5 66. Re8+ Kf5 67. Rf8+ Ke6 68. Rh8 Kd5 69. Rh5 Ke6 70. Rh8 Kf6 71. Rh6+ Kg7 72. Rh5 Kg6 73. Rh8 Ra3+ 74. Kf2 Ra2+ 75. Kg3 Kf5 76. Rf8+ Ke5 77. Rh8 Kf5 78. Rh7 Rb2 79. Rh8 Ke5 80. Rh5 Kf5 81. Rh8 Kg6 82. Rh3 Rc2 83. Rh8 Rb2 84. Rh3 Kg7 85. Rh5 Kg6 86. Rh8 Kg7 87. Rh5 Kg6 88. Rh8 Ra2 89. Rh3 Kf5 90. Rh8 Ra3 91. Rh5 Kg6 92. Rxh2 Rb3 93. Rd2 Ra3 94. Rd6+ Kf5 95. Rd5+ Kf6 96. Rb5 Ra4 97. Rc5 Rb4 98. Rc3 Ra4 99. Rb3 Rc4 100. Ra3 Rb4 101. Ra6+ Kf5 102. Rc6 Ra4 103. Rc5+ Kf6 104. Rd5 Kg6 105. Re5 Kf6 106. Re4 Rxe4 107. fxe4 Ke5 108. Kg4 Kxe4 109. Kxg5 1/2-1/2


[Site "https://www.chess.com"]

[Event "Titled Tuesday Blitz July 11 Early 2023"]
[White "Sidletskyi, Ivan"]
[Black "Szyszylo, Rafal"]
[WhiteFideId "14156024"]
[BlackFideId "1109626"]
[WhiteElo "2529"]
[BlackElo "2411"]
[Result "1-0"]
[Round "9"]
[TimeControl "180+2"]
[Date "2023.07.11"]
[WhiteClock "0:01:10"]
[BlackClock "0:00:28"]
[Board "97"]

1. c4 d6 2. Nc3 g6 3. g3 Nf6 4. Bg2 Bg7 5. e4 O-O 6. Nge2 Nc6 7. O-O e5 8. d3 a5 9. h3 Be6 10. Be3 Qd7 11. Kh2 b6 12. f4 Ne7 13. Qd2 c5 14. g4 exf4 15. Nxf4 h5 16. gxh5 Nxh5 17. Nxh5 gxh5 18. Bg5 Ng6 19. Bf6 Bxf6 20. Rxf6 Kg7 21. Raf1 Rh8 22. Qg5 Rag8 23. Ne2 Kf8 24. Rxg6 Rxg6 25. Qxg6 Rg8 26. Qxh5 Qe7 27. Nf4 Ke8 28. e5 Rg5 29. Qh8+ Kd7 30. Bb7 dxe5 31. Qc8+ Kd6 32. Qc6# 1-0


[Site "https://www.chess.com"]

[Event "Titled Tuesday Blitz July 11 Early 2023"]
[White "Korelskiy, Egor"]
[Black "Mejia, Cherry Ann"]
[WhiteFideId "34329064"]
[BlackFideId "5206880"]
[WhiteElo "2528"]
[BlackElo "2398"]
[Result "1-0"]
[Round "9"]
[TimeControl "180+2"]
[Date "2023.07.11"]
[WhiteClock "0:02:05"]
[BlackClock "0:00:44"]
[Board "98"]

1. e4 c5 2. Nf3 Nc6 3. Bb5 Qb6 4. Nc3 e6 5. O-O a6 6. Bxc6 Qxc6 7. d4 cxd4 8. Qxd4 Nf6 9. e5 Bc5 10. Qd3 Nd5 11. Ne4 Nb4 12. Qe2 d5 13. exd6 Bxd6 14. Nd4 Qd7 15. Nxd6+ Qxd6 16. Nf5 Qf8 17. Bf4 Nd5 18. Bd6 Qg8 19. c4 Nf6 20. Ne7 Qf8 21. Nxc8 Qg8 22. Nb6 Rd8 23. Bc7 Rd4 24. Rad1 1-0


[Site "https://www.chess.com"]

[Event "Titled Tuesday Blitz July 11 Early 2023"]
[White "Malyi, Viacheslav"]
[Black "Goldin, Roman"]
[WhiteFideId "14123983"]
[BlackFideId "2803860"]
[WhiteElo "2527"]
[BlackElo "2394"]
[Result "0-1"]
[Round "9"]
[TimeControl "180+2"]
[Date "2023.07.11"]
[WhiteClock "0:01:05"]
[BlackClock "0:00:21"]
[Board "99"]

1. e4 Nc6 2. Nf3 e5 3. Bb5 a6 4. Ba4 d6 5. d4 b5 6. Bb3 Nxd4 7. Nxd4 exd4 8. c3 dxc3 9. Nxc3 Nf6 10. O-O Be7 11. Bg5 O-O 12. Rc1 Bb7 13. Re1 b4 14. Bxf6 Bxf6 15. Nd5 Bxb2 16. Rc2 Bc3 17. Nxc3 bxc3 18. Rxc3 Qe7 19. Qc2 c5 20. f3 Rac8 21. Rd1 Rfd8 22. Bc4 d5 23. Bxd5 Bxd5 24. exd5 Rxd5 25. Rc1 h5 26. h3 Qd6 27. Rc4 g6 28. h4 Rd2 29. Qe4 Qg3 30. f4 Rcd8 31. Rf1 Rxa2 32. Rxc5 Rdd2 33. Rg5 Rxg2+ 34. Qxg2 Rxg2+ 35. Kh1 Rh2# 0-1


[Site "https://www.chess.com"]

[Event "Titled Tuesday Blitz July 11 Early 2023"]
[White "Bilan, Danila"]
[Black "Ncatt"]
[WhiteFideId "24161918"]
[WhiteElo "2524"]
[BlackElo "2393"]
[Result "1-0"]
[Round "9"]
[TimeControl "180+2"]
[Date "2023.07.11"]
[WhiteClock "0:00:05"]
[BlackClock "0:01:15"]
[Board "100"]

1. d4 d5 2. Nf3 Nf6 3. c4 c6 4. Nc3 e6 5. Bg5 Nbd7 6. cxd5 exd5 7. e3 Be7 8. Bd3 h6 9. Bh4 Ne4 10. Bg3 Nxg3 11. hxg3 O-O 12. O-O Nf6 13. Qc2 Re8 14. Rab1 a5 15. a3 Bd6 16. b4 axb4 17. axb4 b5 18. Ne2 Bb7 19. Nf4 Qe7 20. Bf5 Bxb4 21. Ne5 Ra6 22. Ra1 Rea8 23. Rxa6 Rxa6 24. Rc1 g6 25. Nexg6 fxg6 26. Be6+ Kg7 27. Qxg6+ Kf8 28. Qxh6+ Ke8 29. Qh8+ Qf8 30. Qh4 Qg7 31. Bf5 Bd6 32. Ne6 Qf7 33. Qh8+ Ke7 34. Qd8# 1-0


[Site "https://www.chess.com"]

[Event "Titled Tuesday Blitz July 11 Early 2023"]
[White "Rodriguez Santiago, Jaime"]
[Black "WindWhistler11"]
[WhiteFideId "3100898"]
[WhiteElo "2374"]
[BlackElo "2517"]
[Result "1-0"]
[Round "9"]
[TimeControl "180+2"]
[Date "2023.07.11"]
[WhiteClock "0:01:05"]
[BlackClock "0:00:05"]
[Board "101"]

1. c4 f5 2. Nc3 Nf6 3. g3 d6 4. Bg2 g6 5. d3 Bg7 6. e4 O-O 7. Nge2 c5 8. O-O Nc6 9. f4 a6 10. a4 Rb8 11. h3 fxe4 12. dxe4 e5 13. f5 gxf5 14. exf5 Nd4 15. Nxd4 cxd4 16. Nd5 Kh8 17. g4 Nxd5 18. Bxd5 b5 19. axb5 axb5 20. Ra7 Qb6 21. Rxg7 Kxg7 22. Qd2 Bb7 23. Qh6+ Kh8 24. f6 Qc7 25. f7 Qd8 26. Bg5 1-0


[Site "https://www.chess.com"]

[Event "Titled Tuesday Blitz July 11 Early 2023"]
[White "Yeritsyan, Hayk"]
[Black "Andreassen, Lars"]
[WhiteFideId "13307320"]
[BlackFideId "1504878"]
[WhiteElo "2516"]
[BlackElo "2344"]
[Result "1-0"]
[Round "9"]
[TimeControl "180+2"]
[Date "2023.07.11"]
[WhiteClock "0:00:03"]
[BlackClock "0:00:09"]
[Board "102"]

1. d4 d5 2. Nf3 e6 3. e3 c5 4. Bd3 Nc6 5. c3 Nf6 6. Nbd2 Bd6 7. Qe2 Qe7 8. O-O e5 9. dxc5 Bxc5 10. e4 Bg4 11. exd5 Nxd5 12. Ne4 Bb6 13. Bc4 Nf6 14. Nxf6+ Qxf6 15. Bd5 Bxf3 16. Bxf3 O-O 17. Be3 Bxe3 18. Qxe3 Rfe8 19. Rad1 a6 20. Bd5 h6 21. Qb6 Re7 22. Be4 Rc8 23. Rd2 Qf4 24. Qe3 Qxe3 25. fxe3 g6 26. Bd5 Kg7 27. e4 Rd8 28. Rdf2 Rdd7 29. b4 Rc7 30. a3 Nd8 31. c4 Ne6 32. Bxe6 Rxe6 33. c5 Rd7 34. Rc1 Rd4 35. Re2 f5 36. exf5 gxf5 37. Rec2 e4 38. Kf2 f4 39. g3 e3+ 40. Kf3 fxg3 41. hxg3 Rd2 42. Rxd2 exd2 43. Rd1 b6 44. cxb6 Rxb6 45. Rxd2 a5 46. Rd4 Kf6 47. Ke4 Re6+ 48. Kd3 axb4 49. axb4 Ra6 50. Kc4 Ra3 51. b5 Rxg3 52. b6 Rg8 53. Kc5 h5 54. b7 Kg5 55. Rd1 Kf4 56. Rf1+ Ke3 57. Kc6 Ke2 58. Rf5 h4 59. Rh5 Rg4 60. b8=Q 1-0


[Site "https://www.chess.com"]